[Event "Norway Eliteserien 2023-24"]
[Site "Oslo"]
[Date "2024.02.04"]
[Round "5.56"]
[White "Torfoss, Sivert Schanche"]
[Black "Fossheim, Yngve"]
[Result "1-0"]
[ECO "A24"]
[WhiteElo "1962"]
[BlackElo "2090"]
[Annotator "NA"]
[PlyCount "95"]
[EventDate "2023.10.27"]
[EventType "team-tourn"]
[EventCountry "NOR"]
[SourceTitle "playchess.com"]
[Source "ChessBase"]
[SourceQuality "1"]
[TimeControl "40/5400+30:1800+30"]

1. Nf3 Nf6 2. c4 g6 3. g3 Bg7 4. Bg2 O-O 5. O-O d6 6. Nc3 c6 7. d3 e5 8. Rb1 Nbd7 9. b4 d5 10. cxd5 Nxd5 11. Nxd5 cxd5 12. Qb3 Nb6 13. a4 d4 14. Ng5 h6 15. Ne4 Be6 16. Qa3 Bd5 17. a5 Qe7 18. Bd2 Nd7 19. Rbc1 b6 20. Rc7 Qe6 21. Qa4 Rad8 22. axb6 axb6 23. Qb5 Bxe4 24. Bxe4 Nf6 25. Bf3 e4 26. dxe4 Nxe4 27. Rc6 Qe7 28. Bxe4 Qxe4 29. Rxb6 Ra8 30. Ra6 Rac8 31. Qd3 Rfe8 32. Re1 Rc2 33. Ra8 Qxa8 34. Qxc2 Qb7 35. Qd3 Re6 36. Rc1 Bf8 37. Rc4 Ra6 38. Qxd4 Bg7 39. Qd8+ Kh7 40. Rc8 g5 41. Bc3 Kg6 42. Qd3+ f5 43. Rg8 Kh5 44. Rxg7 Qc8 45. h3 Qe6 46. Qf3+ g4 47. hxg4+ fxg4 48. Qh1# 1-0

[Event "Norway Eliteserien 2023-24"]
[Site "Oslo"]
[Date "2024.02.04"]
[Round "6.11"]
[White "Amar, Elham"]
[Black "Notkevich, Benjamin Arvola"]
[Result "1/2-1/2"]
[ECO "C02"]
[WhiteElo "2567"]
[BlackElo "2462"]
[Annotator "RC"]
[PlyCount "115"]
[EventDate "2023.10.27"]
[EventType "team-tourn"]
[EventCountry "NOR"]
[SourceTitle "playchess.com"]
[Source "ChessBase"]
[SourceQuality "1"]
[TimeControl "40/5400+30:1800+30"]

1. e4 e6 2. d4 d5 3. e5 c5 4. c3 Nc6 5. Nf3 Qb6 6. a3 c4 7. Nbd2 Na5 8. Rb1 Bd7 9. h4 Ne7 10. Qc2 Qc7 11. Rh3 h6 12. b3 cxb3 13. Nxb3 Ba4 14. Nfd2 Nec6 15. Qd3 O-O-O 16. Nxa5 Nxa5 17. c4 dxc4 18. Nxc4 Nc6 19. Be3 Bc5 20. Rc1 Bb5 21. Nd6+ Bxd6 22. exd6 Qa5+ 23. Bd2 Bxd3 24. Bxa5 Bxf1 25. Bxd8 Bxg2 26. Rg3 Be4 27. Be7 g6 28. Bf6 Re8 29. Kd2 Kd7 30. Ke3 Bd5 31. Be5 Rf8 32. Bg7 Rc8 33. Bxh6 Kxd6 34. h5 gxh5 35. Rh3 Kd7 36. Rxh5 Rh8 37. Rh4 Rg8 38. Bf4 b5 39. Rh5 Bc4 40. Rc5 a6 41. a4 Ra8 42. Ra1 Nb4 43. Rc7+ Ke8 44. Kf3 Nd5 45. Rb7 Ne7 46. Kg4 Bd5 47. Rc7 Rc8 48. Ra7 Rc4 49. Be5 Nc6 50. Ra8+ Ke7 51. Bg7 Nxd4 52. Ra7+ Ke8 53. Bxd4 Rxd4+ 54. Kg5 bxa4 55. f4 Kf8 56. f5 exf5 57. Rxa6 Kg7 58. R6xa4 1/2-1/2

[Event "Norway Eliteserien 2023-24"]
[Site "Oslo"]
[Date "2024.02.04"]
[Round "6.12"]
[White "Vestby-Ellingsen, Mads"]
[Black "Hauge, Lars Oskar"]
[Result "1/2-1/2"]
[ECO "C50"]
[WhiteElo "2338"]
[BlackElo "2486"]
[Annotator "ChessBase"]
[PlyCount "95"]
[EventDate "2023.10.27"]
[EventType "team-tourn"]
[EventCountry "NOR"]
[SourceTitle "playchess.com"]
[Source "ChessBase"]
[SourceQuality "1"]
[TimeControl "40/5400+30:1800+30"]

1. e4 e5 2. Nf3 Nc6 3. Bc4 Nf6 4. d3 Bc5 5. Nc3 O-O 6. h3 a6 7. a4 d6 8. Bg5 h6 9. Bh4 Be6 10. g4 Nd4 11. Bxe6 fxe6 12. Nxd4 Bxd4 13. O-O Qd7 14. Kg2 Rf7 15. f3 Nh7 16. Qe2 Nf8 17. Bg3 Ng6 18. Nd1 Qe7 19. c3 Ba7 20. Ne3 Qg5 21. Nc2 Raf8 22. Rad1 h5 23. d4 Nf4+ 24. Bxf4 Rxf4 25. Rde1 R8f7 26. dxe5 Qxe5 27. Nb4 Qg5 28. Nd3 hxg4 29. hxg4 R4f6 30. e5 Rh6 31. f4 Qg6 32. exd6 cxd6 33. Rh1 Rxh1 34. Rxh1 Qf6 35. Qe4 g6 36. Rh6 Kg7 37. Rh1 e5 38. fxe5 dxe5 39. Re1 Bb8 40. a5 Qg5 41. Re2 Re7 42. Ne1 Rf7 43. Nf3 Qc1 44. g5 Qa1 45. Qh4 Kg8 46. Qe4 Kg7 47. Qh4 Kg8 48. Qe4 1/2-1/2

[Event "Norway Eliteserien 2023-24"]
[Site "Oslo"]
[Date "2024.02.04"]
[Round "6.13"]
[White "Mitusov, Semen"]
[Black "Lund, Gunnar"]
[Result "0-1"]
[ECO "C11"]
[WhiteElo "2487"]
[BlackElo "2321"]
[Annotator "RC"]
[PlyCount "78"]
[EventDate "2023.10.27"]
[EventType "team-tourn"]
[EventCountry "NOR"]
[SourceTitle "playchess.com"]
[Source "ChessBase"]
[SourceQuality "1"]
[TimeControl "40/5400+30:1800+30"]

1. e4 e6 2. d4 d5 3. Nc3 Nf6 4. e5 Nfd7 5. f4 c5 6. Nf3 Nc6 7. Be3 h6 8. Be2 g5 9. fxg5 cxd4 10. Nxd4 Ndxe5 11. Qd2 hxg5 12. Bxg5 Bh6 13. Bxd8 Bxd2+ 14. Kxd2 Kxd8 15. Nf3 Bd7 16. h4 Ke7 17. Nxe5 Nxe5 18. g4 Bc6 19. Nd1 d4 20. Rh2 Bf3 21. Nf2 Rac8 22. Rc1 Bxe2 23. Kxe2 Nc4 24. Nd3 Ne3 25. Kf3 Rhg8 26. g5 f6 27. gxf6+ Kxf6 28. c3 Nf5 29. cxd4 Rcd8 30. Rc3 Rxd4 31. h5 e5 32. Ke2 e4 33. Nf2 e3 34. Nd3 Re4 35. Kf3 Rgg4 36. Ke2 Nd4+ 37. Kf1 e2+ 38. Kf2 e1=Q+ 39. Nxe1 Re2+ 0-1

[Event "Norway Eliteserien 2023-24"]
[Site "Oslo"]
[Date "2024.02.04"]
[Round "6.14"]
[White "Schouten, Mathias Lind"]
[Black "Ingebretsen, Jens E"]
[Result "0-1"]
[ECO "A04"]
[WhiteElo "2291"]
[BlackElo "2400"]
[Annotator "RC"]
[PlyCount "96"]
[EventDate "2023.10.27"]
[EventType "team-tourn"]
[EventCountry "NOR"]
[SourceTitle "playchess.com"]
[Source "ChessBase"]
[SourceQuality "1"]
[TimeControl "40/5400+30:1800+30"]

1. Nf3 c5 2. g3 Nc6 3. d4 cxd4 4. Nxd4 g6 5. Bg2 Bg7 6. Nxc6 bxc6 7. O-O h5 8. c4 h4 9. Qc2 Rb8 10. Nd2 Nh6 11. Rd1 Nf5 12. e3 c5 13. Ne4 hxg3 14. hxg3 Qc7 15. Nc3 Bb7 16. Nd5 Qc8 17. Rb1 e6 18. Nf4 g5 19. Nd5 d6 20. Qa4+ Kf8 21. e4 Nd4 22. Nc3 Bc6 23. Qa5 Bf6 24. Be3 Bd8 25. Bxd4 Bxa5 26. Bxh8 Ke7 27. e5 Qxh8 28. Bxc6 Qxe5 29. Nb5 a6 30. Nxd6 Rxb2 31. Rxb2 Qxb2 32. Ne4 Qb6 33. Ba4 Qb4 34. Bc6 Kf8 35. Nxg5 Qxc4 36. Kg2 Qg4 37. Nf3 Bc3 38. Rd7 c4 39. Bb7 a5 40. Rc7 Bf6 41. Nd2 Qe2 42. Nxc4 Bd4 43. Nd6 f5 44. Rf7+ Kg8 45. Re7 Qxf2+ 46. Kh3 Be5 47. Re8+ Kg7 48. Re7+ Kf6 0-1

[Event "Norway Eliteserien 2023-24"]
[Site "Oslo"]
[Date "2024.02.04"]
[Round "6.15"]
[White "Carlsson, Ludvig"]
[Black "Myagmarsuren, Evsuld"]
[Result "1-0"]
[ECO "D00"]
[WhiteElo "2368"]
[BlackElo "2142"]
[Annotator "RC"]
[PlyCount "141"]
[EventDate "2023.10.27"]
[EventType "team-tourn"]
[EventCountry "NOR"]
[SourceTitle "playchess.com"]
[Source "ChessBase"]
[SourceQuality "1"]
[TimeControl "40/5400+30:1800+30"]

1. d4 d5 2. Bf4 Nf6 3. e3 c5 4. c3 e6 5. Nd2 Bd6 6. Bb5+ Nc6 7. Bxc6+ bxc6 8. Bxd6 Qxd6 9. Ngf3 cxd4 10. cxd4 O-O 11. Qa4 Nd7 12. Rc1 Bb7 13. O-O c5 14. Qa3 Rfc8 15. Nb3 Qa6 16. dxc5 Qxa3 17. bxa3 Ba6 18. Rfd1 Bc4 19. Nfd2 Ne5 20. Rc3 Kf8 21. f4 Nd3 22. Nxc4 dxc4 23. Na5 Rxc5 24. Rxc4 Rac8 25. Rxc5 Rxc5 26. Rxd3 Rxa5 27. Kf2 Rc5 28. Kf3 Ke7 29. Rb3 Kf6 30. h3 h5 31. Rb4 a5 32. Rb7 Rc3 33. Rb3 Rc5 34. g4 hxg4+ 35. hxg4 g5 36. fxg5+ Kxg5 37. a4 Rc2 38. Rb5+ Kg6 39. Rxa5 Rxa2 40. Ra8 Ra1 41. a5 Ra4 42. a6 Kg7 43. e4 Ra5 44. a7 Kf6 45. Kf4 Kg7 46. g5 Kh7 47. e5 Kg7 48. Ke4 Ra4+ 49. Kd3 Ra3+ 50. Kc4 Ra4+ 51. Kb5 Ra1 52. Kc6 Ra2 53. Kd7 Ra1 54. Ke7 Ra6 55. Kd7 Ra1 56. g6 Kxg6 57. Rg8+ Kf5 58. a8=Q Rxa8 59. Rxa8 Kxe5 60. Ke7 f5 61. Ra5+ Ke4 62. Kf6 f4 63. Kg5 f3 64. Kg4 f2 65. Ra1 Ke3 66. Kg3 Ke2 67. Kg2 e5 68. Ra2+ Ke1 69. Rxf2 e4 70. Ra2 Kd1 71. Kf2 1-0

[Event "Norway Eliteserien 2023-24"]
[Site "Oslo"]
[Date "2024.02.04"]
[Round "6.16"]
[White "Torfoss, Sivert Schanche"]
[Black "Melaa, Sondre"]
[Result "0-1"]
[ECO "A11"]
[WhiteElo "1962"]
[BlackElo "2270"]
[Annotator "RC"]
[PlyCount "56"]
[EventDate "2023.10.27"]
[EventType "team-tourn"]
[EventCountry "NOR"]
[SourceTitle "playchess.com"]
[Source "ChessBase"]
[SourceQuality "1"]
[TimeControl "40/5400+30:1800+30"]

1. Nf3 d5 2. e3 Nf6 3. c4 c6 4. Nc3 e6 5. b3 Bd6 6. Bb2 O-O 7. Qc2 e5 8. cxd5 cxd5 9. Nb5 Nc6 10. Nxd6 Qxd6 11. d4 Ne4 12. a3 exd4 13. Nxd4 Nxd4 14. Bxd4 Bf5 15. Bd3 Qg6 16. O-O Rac8 17. Qb2 Nd6 18. Bxf5 Nxf5 19. Ra2 Rc6 20. Qe2 Nh4 21. f3 a6 22. Rd2 Rfc8 23. e4 Rc1 24. exd5 Qg5 25. Rfd1 Nxf3+ 26. Kf2 Nxd2 27. Qxd2 R1c2 28. Rc1 Qxd2+ 0-1

[Event "Norway Eliteserien 2023-24"]
[Site "Oslo"]
[Date "2024.02.04"]
[Round "6.21"]
[White "Pantzar, Milton"]
[Black "Houska, Jovanka"]
[Result "1-0"]
[ECO "D10"]
[WhiteElo "2468"]
[BlackElo "2342"]
[Annotator "RC"]
[PlyCount "67"]
[EventDate "2023.10.27"]
[EventType "team-tourn"]
[EventCountry "NOR"]
[SourceTitle "playchess.com"]
[Source "ChessBase"]
[SourceQuality "1"]
[TimeControl "40/5400+30:1800+30"]

1. d4 d5 2. c4 c6 3. cxd5 cxd5 4. Nc3 Nf6 5. Bf4 Nc6 6. e3 a6 7. Bd3 Bg4 8. Nge2 Bxe2 9. Bxe2 e6 10. O-O Be7 11. Rc1 Rc8 12. Na4 Nd7 13. a3 b5 14. Nc3 Qb6 15. a4 b4 16. Nb1 O-O 17. Qd3 Ndb8 18. Nd2 f5 19. Nb3 g5 20. Bg3 f4 21. exf4 gxf4 22. Bxf4 Bf6 23. Bg4 Rce8 24. Bd6 Nd7 25. Bxf8 Nxf8 26. Rfd1 Re7 27. g3 Bg7 28. Be2 Ra7 29. Kg2 Bf6 30. h4 Bg7 31. Rc2 Bf6 32. Rdc1 Nxd4 33. a5 Qb5 34. Qxd4 1-0

[Event "Norway Eliteserien 2023-24"]
[Site "Oslo"]
[Date "2024.02.04"]
[Round "6.22"]
[White "Bern, Ivar"]
[Black "Storme, Isak"]
[Result "0-1"]
[ECO "D02"]
[WhiteElo "2300"]
[BlackElo "2439"]
[Annotator "ChessBase"]
[PlyCount "64"]
[EventDate "2023.10.27"]
[EventType "team-tourn"]
[EventCountry "NOR"]
[SourceTitle "playchess.com"]
[Source "ChessBase"]
[SourceQuality "1"]
[TimeControl "40/5400+30:1800+30"]

1. Nf3 d5 2. g3 Nd7 3. d4 Ngf6 4. Bg2 b5 5. Ne5 Bb7 6. c4 bxc4 7. Qa4 c6 8. Nxc6 Qb6 9. Na5 Ba6 10. Nc3 e6 11. Nc6 Bd6 12. e4 Nxe4 13. Bxe4 dxe4 14. Ne5 Bxe5 15. dxe5 Qb7 16. Be3 O-O-O 17. Qa5 f6 18. exf6 gxf6 19. Bd4 e5 20. Be3 Nb8 21. Qc5+ Nc6 22. Nxe4 Kb8 23. O-O Nd4 24. Bxd4 exd4 25. Rfe1 Rd5 26. Qa3 Qc6 27. Qe7 Rf5 28. Nd6 Rd5 29. Ne4 Bb7 30. Qxf6 Re8 31. Qf4+ Ka8 32. Nd6 Rde5 0-1

[Event "Norway Eliteserien 2023-24"]
[Site "Oslo"]
[Date "2024.02.04"]
[Round "6.23"]
[White "Risting, Eivind Olav"]
[Black "Stokke, Kjetil"]
[Result "1-0"]
[ECO "B38"]
[WhiteElo "2324"]
[BlackElo "2302"]
[Annotator "ChessBase"]
[PlyCount "90"]
[EventDate "2023.10.27"]
[EventType "team-tourn"]
[EventCountry "NOR"]
[SourceTitle "playchess.com"]
[Source "ChessBase"]
[SourceQuality "1"]
[TimeControl "40/5400+30:1800+30"]

1. d4 g6 2. c4 Bg7 3. e4 d6 4. Nc3 c5 5. Nge2 cxd4 6. Nxd4 Nc6 7. Be3 Nf6 8. Be2 O-O 9. O-O Nxd4 10. Bxd4 Bd7 11. h3 Bc6 12. Qc2 a5 13. Rad1 Nd7 14. Bxg7 Kxg7 15. Bg4 Ne5 16. c5 Nxg4 17. hxg4 Qc8 18. cxd6 exd6 19. Qe2 Qe6 20. Rd4 h5 21. gxh5 Rh8 22. Qd2 Rxh5 23. Rxd6 Qe5 24. Qd4 Qxd4 25. Rxd4 Rc5 26. Rfd1 b5 27. f3 b4 28. Nd5 Rd8 29. Ne3 Rxd4 30. Rxd4 Rc1+ 31. Rd1 Rc5 32. Kf2 f5 33. exf5 gxf5 34. Rd4 Be8 35. Kg3 Bf7 36. b3 Be6 37. Kf4 Kf6 38. Rd6 Ke7 39. Ra6 Kd7 40. g4 fxg4 41. fxg4 Ke7 42. Nf5+ Kf7 43. Nh6+ Ke7 44. g5 Rd5 45. g6 Rh5 1-0

[Event "Norway Eliteserien 2023-24"]
[Site "Oslo"]
[Date "2024.02.04"]
[Round "6.24"]
[White "Gullaksen, Eirik"]
[Black "Wallace, John Paul"]
[Result "0-1"]
[ECO "B47"]
[WhiteElo "2321"]
[BlackElo "2365"]
[Annotator "ChessBase"]
[PlyCount "106"]
[EventDate "2023.10.27"]
[EventType "team-tourn"]
[EventCountry "NOR"]
[SourceTitle "playchess.com"]
[Source "ChessBase"]
[SourceQuality "1"]
[TimeControl "40/5400+30:1800+30"]

1. e4 c5 2. Nf3 e6 3. d4 cxd4 4. Nxd4 Nc6 5. Nc3 Qc7 6. g3 h5 7. h3 h4 8. g4 a6 9. Be3 b5 10. Nxc6 Qxc6 11. Bg2 Bb7 12. Ne2 Nf6 13. f3 Rc8 14. c3 e5 15. Qd2 Bc5 16. O-O-O Bxe3 17. Qxe3 Qc5 18. Qxc5 Rxc5 19. Rd6 Rc6 20. Rd2 Ke7 21. Rhd1 d6 22. f4 Bc8 23. Nd4 Rc7 24. Nf5+ Bxf5 25. exf5 b4 26. Rxd6 exf4 27. Rxa6 Rhc8 28. Kc2 bxc3 29. b3 Kf8 30. Ra4 Re7 31. Bf1 f3 32. Rf4 Re3 33. a4 Ne4 34. Bc4 Rxc4 35. bxc4 Re2+ 36. Kb3 Rb2+ 37. Ka3 Nd2 38. a5 f2 39. a6 Rb6 40. c5 c2 41. Rc1 Nb1+ 42. Ka4 Nc3+ 43. Ka3 Rxa6+ 44. Kb2 Ne2 45. Rxf2 Nxc1 46. Rxc2 Nd3+ 47. Kb3 Ne5 48. Kb4 Ke7 49. Kb5 Ra3 50. c6 Kd8 51. f6 gxf6 52. Rf2 Rb3+ 53. Ka6 Rc3 0-1

[Event "Norway Eliteserien 2023-24"]
[Site "Oslo"]
[Date "2024.02.04"]
[Round "6.25"]
[White "Lindbol, Aleksander"]
[Black "Abdullah, Mansoor"]
[Result "0-1"]
[ECO "A20"]
[WhiteElo "2229"]
[BlackElo "2270"]
[Annotator "ChessBase"]
[PlyCount "50"]
[EventDate "2023.10.27"]
[EventType "team-tourn"]
[EventCountry "NOR"]
[SourceTitle "playchess.com"]
[Source "ChessBase"]
[SourceQuality "1"]
[TimeControl "40/5400+30:1800+30"]

1. c4 e5 2. g3 Nf6 3. Bg2 c6 4. d4 e4 5. d5 cxd5 6. cxd5 Bb4+ 7. Bd2 Bxd2+ 8. Qxd2 O-O 9. Nc3 Re8 10. f3 Qb6 11. Nxe4 Nxe4 12. fxe4 d6 13. e3 Bg4 14. Qd4 Nd7 15. Qxb6 Nxb6 16. b3 f5 17. Ne2 fxe4 18. Nc3 Rac8 19. Kd2 Re5 20. Rac1 Rc5 21. Rhf1 Bf5 22. g4 Bxg4 23. Rf4 Bf5 24. Bxe4 Bxe4 25. Rxe4 Rxc3 0-1

[Event "Norway Eliteserien 2023-24"]
[Site "Oslo"]
[Date "2024.02.04"]
[Round "6.26"]
[White "Fossheim, Yngve"]
[Black "Dahl, Max"]
[Result "1-0"]
[ECO "D61"]
[WhiteElo "2090"]
[BlackElo "2207"]
[Annotator "RC"]
[PlyCount "75"]
[EventDate "2023.10.27"]
[EventType "team-tourn"]
[EventCountry "NOR"]
[SourceTitle "playchess.com"]
[Source "ChessBase"]
[SourceQuality "1"]
[TimeControl "40/5400+30:1800+30"]

1. d4 d5 2. c4 c6 3. Nf3 Nf6 4. Nc3 e6 5. Bg5 h6 6. Bh4 Be7 7. e3 O-O 8. Qc2 Nbd7 9. Rd1 b6 10. Bd3 Bb7 11. e4 dxe4 12. Nxe4 Nxe4 13. Bxe7 Qxe7 14. Bxe4 Nf6 15. O-O Nxe4 16. Qxe4 c5 17. Qe3 cxd4 18. Rxd4 Rad8 19. Rfd1 Rxd4 20. Rxd4 Rd8 21. a3 Rxd4 22. Qxd4 f6 23. b4 e5 24. Qc3 Qd7 25. Nd2 Kf7 26. f3 Ke6 27. Kf2 f5 28. Nb3 g5 29. b5 Kf6 30. a4 Qd6 31. c5 bxc5 32. Nxc5 Bd5 33. a5 Kg6 34. Na6 e4 35. Nc7 Bb7 36. Qg7+ Kh5 37. Qf7+ Qg6 38. g4+ 1-0

[Event "Norway Eliteserien 2023-24"]
[Site "Oslo"]
[Date "2024.02.04"]
[Round "6.31"]
[White "Sklyarov, Dmitry V."]
[Black "Petkov, Momchil"]
[Result "1/2-1/2"]
[ECO "A07"]
[WhiteElo "2450"]
[BlackElo "2504"]
[Annotator "RC"]
[PlyCount "134"]
[EventDate "2023.10.27"]
[EventType "team-tourn"]
[EventCountry "NOR"]
[SourceTitle "playchess.com"]
[Source "ChessBase"]
[SourceQuality "1"]
[TimeControl "40/5400+30:1800+30"]

1. Nf3 d5 2. g3 Nf6 3. Bg2 e6 4. O-O Be7 5. d3 O-O 6. Nbd2 a5 7. a4 Nc6 8. e4 dxe4 9. dxe4 Nd7 10. Re1 Nc5 11. b3 b6 12. Bb2 Bb7 13. Qe2 Nb4 14. Red1 Qe8 15. Ne1 f6 16. Nc4 Qg6 17. c3 Nc6 18. Qc2 Ne5 19. Nxe5 fxe5 20. f3 Bd6 21. b4 Nd7 22. Ba3 Rf7 23. b5 Bxa3 24. Rxa3 h5 25. c4 h4 26. Rad3 Nc5 27. Rd8+ Rf8 28. Rxa8 Bxa8 29. Nd3 Nxd3 30. Rxd3 hxg3 31. c5 gxh2+ 32. Kxh2 bxc5 33. Qxc5 Qg5 34. Kg1 Qg3 35. Qe3 Kh7 36. Rd7 Rf4 37. Qe2 Rh4 38. Rxc7 Qh2+ 39. Kf1 Rf4 40. Rc4 Bb7 41. Qe3 Rf7 42. Qg5 Rf6 43. Qg4 Qh6 44. Ke2 Kg8 45. Rc7 Rf7 46. Rxf7 Kxf7 47. Qg3 Qf6 48. Qe1 Qg5 49. Kf1 Qd8 50. Qc3 Qd1+ 51. Kf2 Qd4+ 52. Qxd4 exd4 53. e5 g5 54. Ke2 g4 55. Kd3 gxf3 56. Bh3 Ke7 57. Kxd4 Kd7 58. Kc5 Be4 59. Kb6 Bd3 60. Kxa5 f2 61. Kb6 Bc2 62. a5 Bd3 63. a6 f1=Q 64. Bxf1 Bxf1 65. Kc5 Be2 66. Kb6 Bf1 67. Kc5 Be2 1/2-1/2

[Event "Norway Eliteserien 2023-24"]
[Site "Oslo"]
[Date "2024.02.04"]
[Round "6.32"]
[White "Delchev, Aleksander"]
[Black "Mikalsen, Erlend"]
[Result "1/2-1/2"]
[ECO "D37"]
[WhiteElo "2492"]
[BlackElo "2341"]
[Annotator "RC"]
[PlyCount "62"]
[EventDate "2023.10.27"]
[EventType "team-tourn"]
[EventCountry "NOR"]
[SourceTitle "playchess.com"]
[Source "ChessBase"]
[SourceQuality "1"]
[TimeControl "40/5400+30:1800+30"]

1. Nf3 d5 2. d4 Nf6 3. c4 e6 4. Nc3 Be7 5. Bf4 O-O 6. e3 b6 7. Bd3 dxc4 8. Bxc4 Bb7 9. O-O a6 10. a4 Nbd7 11. Qe2 Nh5 12. Rad1 Nxf4 13. exf4 Bb4 14. d5 exd5 15. Nxd5 Bd6 16. Ng5 h6 17. Ne4 Re8 18. Qc2 Qh4 19. Nxd6 cxd6 20. Qf5 Qd8 21. Rfe1 Rc8 22. Bd3 Nf8 23. Rxe8 Qxe8 24. Bf1 Rc5 25. b4 Rxd5 26. Rxd5 Bxd5 27. Qxd5 Qxa4 28. Qxd6 b5 29. f5 Nh7 30. Qd8+ Nf8 31. Qd6 Nh7 1/2-1/2

[Event "Norway Eliteserien 2023-24"]
[Site "Oslo"]
[Date "2024.02.04"]
[Round "6.33"]
[White "Nielsen, Andre"]
[Black "Elmi, Saad Abobaker"]
[Result "1/2-1/2"]
[ECO "B67"]
[WhiteElo "2271"]
[BlackElo "2323"]
[Annotator "RC"]
[PlyCount "89"]
[EventDate "2023.10.27"]
[EventType "team-tourn"]
[EventCountry "NOR"]
[SourceTitle "playchess.com"]
[Source "ChessBase"]
[SourceQuality "1"]
[TimeControl "40/5400+30:1800+30"]

1. e4 c5 2. Nf3 d6 3. d4 cxd4 4. Nxd4 Nf6 5. Nc3 Nc6 6. Bg5 e6 7. Qd2 a6 8. O-O-O Bd7 9. f4 b5 10. Bxf6 gxf6 11. Kb1 Qb6 12. Nxc6 Bxc6 13. f5 Qc5 14. fxe6 fxe6 15. Bd3 O-O-O 16. Rhf1 Bg7 17. Ne2 Qe5 18. Qb4 Qc5 19. Qa5 Kb7 20. Nf4 Qe5 21. Qa3 Rhe8 22. Rde1 Ka7 23. Be2 Qc5 24. Qxc5+ dxc5 25. Bg4 Rd6 26. Nh5 Bh8 27. Nxf6 Re7 28. Bh3 Bxf6 29. Rxf6 Bxe4 30. Kc1 Bd5 31. b3 Kb6 32. Rh6 Kc6 33. Kb2 c4 34. Kc3 a5 35. bxc4 Bxc4 36. a3 Kc5 37. Re5+ Bd5 38. Rh4 Rb7 39. Reh5 b4+ 40. axb4+ axb4+ 41. Kd3 Kc6 42. Ke3 b3 43. cxb3 Rxb3+ 44. Kf4 Rb2 45. Rxh7 1/2-1/2

[Event "Norway Eliteserien 2023-24"]
[Site "Oslo"]
[Date "2024.02.04"]
[Round "6.34"]
[White "Adnoy, Hallvard V."]
[Black "Bruaset, Eivind"]
[Result "1-0"]
[ECO "D05"]
[WhiteElo "2303"]
[BlackElo "2239"]
[Annotator "RC"]
[PlyCount "51"]
[EventDate "2023.10.27"]
[EventType "team-tourn"]
[EventCountry "NOR"]
[SourceTitle "playchess.com"]
[Source "ChessBase"]
[SourceQuality "1"]
[TimeControl "40/5400+30:1800+30"]

1. d4 Nf6 2. Nf3 e6 3. e3 c5 4. Bd3 d5 5. b3 Nc6 6. O-O Be7 7. Bb2 cxd4 8. exd4 O-O 9. Nbd2 a5 10. a3 Na7 11. Qe2 b5 12. Ne5 Qb6 13. Rae1 b4 14. axb4 axb4 15. Ra1 Nd7 16. Ndf3 Rb8 17. Rxa7 Nxe5 18. Rxe7 Nc6 19. Bxh7+ Kxh7 20. Ng5+ Kg6 21. Qd3+ Kxg5 22. Qg3+ Kf6 23. Rc7 Rb7 24. Bc1 g6 25. Bh6 e5 26. Rxc6+ 1-0

[Event "Norway Eliteserien 2023-24"]
[Site "Oslo"]
[Date "2024.02.04"]
[Round "6.35"]
[White "Skaar, Ben Samuel Groth"]
[Black "Mellem, Nicolas Axel"]
[Result "1/2-1/2"]
[ECO "C42"]
[WhiteElo "1980"]
[BlackElo "2145"]
[Annotator "RC"]
[PlyCount "262"]
[EventDate "2023.10.27"]
[EventType "team-tourn"]
[EventCountry "NOR"]
[SourceTitle "playchess.com"]
[Source "ChessBase"]
[SourceQuality "1"]
[TimeControl "40/5400+30:1800+30"]

1. e4 e5 2. Nf3 Nf6 3. Nxe5 d6 4. Nf3 Nxe4 5. Nc3 Nxc3 6. dxc3 Nc6 7. Be3 Be7 8. Qd2 Be6 9. Bd3 Qd7 10. O-O O-O 11. Rfe1 Bf6 12. Ng5 Bxg5 13. Bxg5 Bf5 14. Bxf5 Qxf5 15. Bh4 Rfe8 16. Qd3 Qg4 17. Bg3 a6 18. f3 Qd7 19. b3 Rxe1+ 20. Rxe1 Re8 21. Re3 Rxe3 22. Qxe3 f6 23. Kf2 Kf7 24. Ke2 Qe6 25. a4 b5 26. axb5 axb5 27. Kd3 Qxe3+ 28. Kxe3 Ke6 29. Kd3 Kd5 30. Ke3 Ne5 31. Be1 c5 32. g4 c4 33. h3 Nd7 34. Bf2 Nc5 35. b4 Ne6 36. Bg3 g6 37. Bh4 f5 38. f4 Ng7 39. g5 Ne6 40. Bf2 Nd8 41. Kf3 Nc6 42. Bb6 Ke6 43. Ke3 Ne7 44. Bd4 Nc6 45. Bb6 Kd5 46. Kf3 Ne7 47. Ke3 Ke6 48. Kf3 Ng8 49. Bd4 h6 50. h4 h5 51. Ke3 Ne7 52. Kf3 Nc6 53. Bb6 Ne7 54. Bd4 Nc6 55. Bb6 Kd5 56. Ke3 Ne7 57. Kf3 Nc8 58. Bd4 Kc6 59. Ke3 Ne7 60. Kf3 Kd7 61. Bf6 Nc6 62. Bd4 Ke8 63. Ke3 Kf7 64. Bb6 Kf8 65. Bd4 Kg8 66. Bb6 Kf7 67. Bd4 Ke6 68. Bb6 Ke7 69. Bd4 Kd7 70. Bb6 Kc8 71. Bd4 Kb8 72. Bb6 Kc8 73. Bd4 Kb7 74. Kf3 Ka8 75. Ke3 Kb8 76. Bb6 Kb7 77. Bd4 Nd8 78. Kf3 Ne6 79. Ke3 Kc6 80. Ba7 Kc7 81. Bd4 Kb7 82. Kf3 Ka6 83. Ke3 Kb7 84. Kf3 Ka8 85. Ke3 Kb8 86. Kf3 Kc8 87. Ke3 Kc7 88. Kf3 Kd7 89. Ke3 Nd8 90. Bb6 Nc6 91. Bd4 Kd8 92. Bb6+ Ke8 93. Bd4 Kf8 94. Bb6 Kf7 95. Bd4 Kg8 96. Bb6 Kf8 97. Bd4 Ke7 98. Bb6 Ke6 99. Bd4 d5 100. Kf3 Ke7 101. Ke3 Ke8 102. Kf3 Kf8 103. Ke3 Kf7 104. Kf3 Kg8 105. Ke3 Kh7 106. Kf3 Kg8 107. Ke3 Kf7 108. Kf3 Ke8 109. Ke3 Kd7 110. Kf3 Kc8 111. Ke3 Kc7 112. Kf3 Kb7 113. Ke3 Kb8 114. Kf3 Ka8 115. Ke3 Kb7 116. Kf3 Kc7 117. Ke3 Kd7 118. Kf3 Ke7 119. Ke3 Ke6 120. Kf3 Ke7 121. Ke3 Kd8 122. Kf3 Kc7 123. Ke3 Kd6 124. Kf3 Ke6 125. Ke3 Kf7 126. Kf3 Nd8 127. Ke3 Ne6 128. Kf3 Nxd4+ 129. cxd4 Ke6 130. Kg2 Kf7 131. c3 Ke6 1/2-1/2

[Event "Norway Eliteserien 2023-24"]
[Site "Oslo"]
[Date "2024.02.04"]
[Round "6.36"]
[White "Evenshaug, Amadeus Hestvik"]
[Black "Hammari, Vinjar"]
[Result "1-0"]
[ECO "B15"]
[WhiteElo "2005"]
[BlackElo "1875"]
[Annotator "ChessBase"]
[PlyCount "149"]
[EventDate "2023.10.27"]
[EventType "team-tourn"]
[EventCountry "NOR"]
[SourceTitle "playchess.com"]
[Source "ChessBase"]
[SourceQuality "1"]
[TimeControl "40/5400+30:1800+30"]

1. e4 c6 2. d4 d5 3. Nc3 dxe4 4. Nxe4 Nf6 5. Nxf6+ exf6 6. c3 Bd6 7. Bd3 O-O 8. Qc2 Re8+ 9. Ne2 h5 10. Be3 Nd7 11. O-O-O b5 12. d5 c5 13. Bxb5 Rb8 14. Bc6 Re7 15. Ng3 Ne5 16. c4 Ng4 17. Rhe1 g6 18. Bd2 Bxg3 19. Rxe7 Qxe7 20. hxg3 Bf5 21. Re1 Qxe1+ 22. Bxe1 Bxc2 23. Kxc2 Ne5 24. Bb5 Kf8 25. b3 Ke7 26. f3 a6 27. Ba4 f5 28. a3 Kd6 29. Kc3 Rc8 30. Bd2 f6 31. Be3 a5 32. Bd2 h4 33. gxh4 Rh8 34. f4 Ng4 35. Be1 Ne3 36. g3 Ra8 37. Kd3 Ng4 38. Bc6 Ra7 39. Kc2 Re7 40. Bxa5 Re2+ 41. Kb1 Ne3 42. Bd8 Nf1 43. b4 Nd2+ 44. Kc2 Rg2 45. bxc5+ Kxc5 46. Be7+ Kxc4 47. d6 Ne4+ 48. Kd1 Rg1+ 49. Ke2 Nxd6 50. Bxd6 Rxg3 51. a4 Kd4 52. a5 Re3+ 53. Kf2 Rc3 54. Bb7 Rc2+ 55. Kg3 Rc3+ 56. Bf3 Rc1 57. a6 Ra1 58. Bb7 Rg1+ 59. Kf2 Ra1 60. Be7 Kc4 61. Bxf6 Ra2+ 62. Kg1 Ra4 63. Be5 Kb5 64. Bb8 Kb6 65. Bc8 Ra1+ 66. Kf2 Kc5 67. a7 Ra2+ 68. Ke3 Ra3+ 69. Kd2 Kd4 70. Bb7 Ra2+ 71. Ke1 Ra1+ 72. Kf2 Ra2+ 73. Kg3 Ra3+ 74. Bf3 g5 75. hxg5 1-0